 Dungeon Crawl Stone Soup version 0.30-a0-359-gd0147acb1a (webtiles) character file.

Game seed: 5381963235897780459

51 tilp the Grave Robber (level 3, -7/26 HPs)
             Began as a Mummy Necromancer on Nov 12, 2022.
             Mangled by Terence
             ... wielding a +3 flail of protection
              (15 damage)
             ... on level 2 of the Dungeon.
             The game lasted 00:03:43 (1550 turns).

tilp the Grave Robber (Mummy Necromancer)           Turns: 1550, Time: 00:03:44

Health: -7/26      AC:  4    Str: 11    XL:     3   Next: 57%
Magic:  1/7        EV: 16    Int: 19    God:
Gold:   72         SH:  0    Dex: 12    Spells: 3/7 levels left

rFire   x . .      SeeInvis .    a - +1 whip (flame)
rCold   + . .      Faith    +    (no shield)
rNeg    + + +      Spirit   .    c - +0 robe
rPois   ∞          Reflect  .    e - +1 helmet {Int+3}
rElec   .          Harm     .    (no cloak)
rCorr   .          Rampage  .    (no gloves)
Will    .....                    (no boots)
Stlth   ++........               (no amulet)
HPRegen 0.24/turn                d - +4 ring of evasion
MPRegen 0.10/turn                (no ring)

@: no status effects
A: cold resistance 1, negative energy resistance 3, torment resistance 2, heat
vulnerability 1, in touch with death 1, no potions, faith
a: no special abilities


You were on level 2 of the Dungeon.
You visited 1 branch of the dungeon, and saw 2 of its levels.

You collected 72 gold pieces.

Inventory:

Hand Weapons
 a - a +1 whip of flaming (weapon)
Missiles
 f - 14 stones (quivered)
Armour
 c - a +0 robe (worn)
 e - a +1 helmet of intelligence (worn)
 h - a +0 buckler
Jewellery
 d - a +4 ring of evasion (left hand)
Scrolls
 b - a scroll of magic mapping
 g - a scroll of immolation {unknown}
 i - a scroll of blinking {unknown}


   Skills:
 * Level 1.3 Fighting
 + Level 1.9 Dodging
 * Level 2.2 Stealth
 + Level 2.9 Spellcasting
 * Level 4.3 Necromancy


You had 3 spell levels left.
You knew the following spells:

 Your Spells              Type           Power      Damage    Failure   Level
a - Necrotise             Necr           100%       1d9       2%          1
b - Vampiric Draining     Necr           29%        2d8       8%          3

Your spell library contained the following spells:

 Spells                   Type           Power      Damage    Failure   Level
 Scorch                   Fire           4%         2d5       24%         2
 Animate Dead             Necr           29%        N/A       26%         4
 Agony                    Necr           29%        N/A       56%         5
 Flame Wave               Conj/Fire      2%         2d4       83%         4
 Summon Cactus Giant      Summ           1%         N/A       100%        6


Dungeon Overview and Level Annotations

Branches:
Dungeon (2/15)

Altars:

Shops:
D:2 (

Annotations:
D:2 Sigmund, Terence


Innate Abilities, Weirdness & Mutations

You are immune to poison.
Your flesh is cold resistant. (rC+)
You are immune to negative energy. (rN+++)
You are immune to unholy pain and torment.
You are vulnerable to heat. (rF-)
You are in touch with the powers of death.
You do not drink.
You have a special connection with the divine. (Faith)


Message History

Confirm with . or Enter, or press ? or * to list all spells.
The spell is quite dangerous to miscast (8% risk of failure)!
Continue anyway?
Aiming: Vampiric Draining (quite dangerous; 8% risk of failure)
Press: ? - help, Shift-Dir - straight line, f - Terence
Aim: Terence, wielding a +3 flail of protection, wearing a +0 chain mail and quivering stones You feel a surge of power!
You draw life force from Terence.
Terence hits you with a +3 flail of protection!
Unknown command.
Unknown command.
Casting: Vampiric Draining (quite dangerous; 8% risk of failure)
Confirm with . or Enter, or press ? or * to list all spells.
The spell is quite dangerous to miscast (8% risk of failure)!
Continue anyway?
Aiming: Vampiric Draining (quite dangerous; 8% risk of failure)
Press: ? - help, Shift-Dir - straight line, f/p - Terence
Aim: Terence, wielding a +3 flail of protection, wearing a +0 chain mail and quivering stones (moderately wounded)
You feel a surge of power!
You draw life force from Terence!
You feel life coursing into your body.
Terence drinks a potion.
Terence is healed!
Unknown command.
Unknown command.
You closely miss Terence.
Terence is moderately wounded.
Terence barely misses you.
You closely miss Terence.
Terence is moderately wounded.
Terence misses you.
You hit Terence. You burn Terence.
Terence is heavily wounded.
Terence hits you with a +3 flail of protection!
You closely miss Terence.
Terence is heavily wounded.
Terence screams, "I want your blood!"
Terence hits you with a +3 flail of protection.
* * * LOW HITPOINT WARNING * * *
Unknown command.
You hit Terence but do no damage.
Terence is heavily wounded.
Terence hits you with a +3 flail of protection!
Ouch! That really hurt!
You die...

.# #.#.# #..##############..#
.# #.#.# #..................#
.###.#.####.########.....>..##
............# #.#####..#####
####.######## #.# #.......
#.....# #.# #.###### #####.#
#.# #.# #.# ####### #.# #.#
#.# #....@# #.# #.#
#.###.###@# #.# #.# #.....#
#.# ... #.# #####.# #.. #># #
#.....## #.# # ####### #.# #
#.###### #....... ########


You could see Terence.

Vanquished Creatures
  A gnoll (D:1)
  2 dart slugs (D:2)
  4 ball pythons
  2 bats
  An endoplasm (D:1)
  3 giant cockroaches (D:1)
  2 goblins (D:1)
  4 hobgoblins
  2 jackals (D:1)
  3 frilled lizards
  3 kobolds
  5 rats (D:1)
32 creatures vanquished.

Vanquished Creatures (collateral kills)
  A ball python (D:2)
  A giant cockroach (D:1)
  A rat (D:1)
3 creatures vanquished.

Grand Total: 35 creatures vanquished

Notes
Turn   | Place    | Note
-------+----------+-------------------------------------------
     0 | D:1      | tilp the Mummy Necromancer began the quest for the Orb.
     0 | D:1      | Reached XP level 1. HP: 13/13 MP: 4/4
   238 | D:1      | Reached XP level 2. HP: 20/20 MP: 3/5
   474 | D:1      | Reached skill level 1 in Fighting
   538 | D:1      | Gained mutation: You are in touch with the powers of death.
                  | [Mummy growth]
   538 | D:1      | Reached XP level 3. HP: 9/26 MP: 0/7
  1009 | D:1      | Learned a level 3 spell: Vampiric Draining
  1028 | D:2      | Noticed Terence
  1152 | D:2      | Found Ibifiph's Weapon Shoppe.
  1177 | D:2      | Noticed Sigmund
  1550 | D:2      | Mangled by Terence

Illustrated notes

Levels and vault maps discovered:
D:1:      lemuel_arrival_hallway, layout_loops_cross
D:2:      layout_loops_ring, serial_shops, shop, uniq_terence, uniq_sigmund,
          uniq_crazy_yiuf_cottage, uniq_jessica

Skill      XL: |  1  2 |
---------------+-------+-----
Fighting       | 1 |  1.3
Stealth        | 2 |  2.2
Dodging        | |  1.9
Spellcasting   | |  2.9
Necromancy     | |  4.3

Action                   || total
-------------------------++-------
Melee: Unarmed           ||     1
       Dagger            ||     8
       Whip              ||    10
 Cast: Necrotise         ||    50
       Vampiric Draining ||     2
  Use: Scroll            ||     1
 Stab: Sleeping          ||     2
Armor: Robe              ||     5
Dodge: Dodged            ||    12

Table legend: (Time is in decaauts)
 A = Elapsed time spent in this place.
 B = Non-inter-level travel time spent in this place.
 C = Inter-level travel time spent in this place.
 D = Time resting spent in this place.
 E = Time spent auto-exploring this place.
 F = Levels seen in this place.
 G = Mean time per level.
                   A        B        C        D        E       F      G
               +--------+--------+--------+--------+--------+-----+--------+
         Total |   1549 |   1441 |    108 |     57 |   1134 |   2 |  774.5 |
       Dungeon |   1549 |   1441 |    108 |     57 |   1134 |   2 |  774.5 |
               +--------+--------+--------+--------+--------+-----+--------+

Top non-repeatable levels by time:
     D:1: 1075 daAuts
     D:2: 474 daAuts
